 Dungeon Crawl Stone Soup version 0.26-a0-651-gb41185065b (webtiles) character file.

Game seed: 5702311225373223350

148 Ozzies the Skirmisher (level 5, -6/37 HPs)
             Began as a Gargoyle Fighter on Oct 3, 2020.
             Killed from afar by an orc wizard (9 damage)
             ... with a magic dart
             ... on level 3 of the Dungeon.
             The game lasted 00:02:51 (2283 turns).

Ozzies the Skirmisher (Gargoyle Fighter)            Turns: 2283, Time: 00:02:52

Health: -6/37      AC: 10    Str: 20    XL:     5   Next: 30%
Magic:  5/5        EV:  7    Int:  9    God:
Gold:   111        SH:  9    Dex:  9    Spells: 4/4 levels left

rFire    . . .     SeeInvis .   f - +1 whip (flame)
rCold    . . .     Faith    .   c - +0 kite shield
rNeg     + . .     Spirit   .   b - +0 scale mail
rPois    ∞         Reflect  .   (no helmet)
rElec    +         Harm     .   (no cloak)
rCorr    .         Rampage  .   (no gloves)
MR       .....                  (no boots)
Stlth    ..........             (no amulet)
HPRegen  0.12/turn              (no ring)
MPRegen  0.09/turn              (no ring)

@: no status effects
A: negative energy resistance 1, electricity resistance, unbreathing,
petrification resistance, rot immunity, AC +4
a: no special abilities


You were on level 3 of the Dungeon.
You visited 1 branch of the dungeon, and saw 3 of its levels.

You collected 111 gold pieces.

Inventory:

Hand Weapons
 a - a +0 flail
 f - a +1 whip of flaming (weapon)
Missiles
 g - 10 poisoned darts (quivered)
Armour
 b - a +0 scale mail (worn)
 c - a +0 kite shield (worn)
Scrolls
 e - 2 scrolls of amnesia {unknown}
 i - a scroll of fear {unknown}
 j - 3 scrolls of fog {unknown}
 k - a scroll of enchant armour {unknown}
 l - 3 scrolls of identify {unknown}
 m - a scroll of remove curse {unknown}
 o - a scroll of noise {unknown}
Potions
 d - a potion of might
 h - a potion of ambrosia {unknown}
 n - a potion of haste {unknown}
 p - a potion of brilliance {unknown}
 q - a potion of cancellation {unknown}
 r - a potion of mutation {unknown}


   Skills:
 + Level 6.3 Fighting
 - Level 2.0 Maces & Flails
 - Level 3.3 Armour
 - Level 3.3 Shields


You had 4 spell levels left.
You didn't know any spells.
Your spell library was empty.

Dungeon Overview and Level Annotations

Branches:
Dungeon (3/15)

Altars:


Innate Abilities, Weirdness & Mutations

You are resistant to torment.
Your stone body is resilient. (AC +4)
You are immune to poison.
You resist negative energy. (rN+)
You are resistant to electric shocks. (rElec)
You can survive without breathing.
You are immune to petrification.
You are immune to rotting.


Message History

The orc wizard hits you but does no damage.
You miss the orc wizard. The orc wizard casts a spell at you.
The puff of flame hits you.
* * * LOW HITPOINT WARNING * * *
You bump into the rock wall.
The orc wizard mumbles some strange words.
The orc wizard flickers and vanishes!
Deactivating autopickup; reactivate with Ctrl-A.
You bump into the rock wall.
You hear some strange, mumbled words.
Something tries to affect you, but you resist.
You bump into the rock wall.
Something hits you but does no damage.
You feel less confused.
You hear some strange, mumbled words.
Something tries to affect you, but you resist.
You hear some strange, mumbled words.
A magic dart appears from out of thin air!
The magic dart hits you!
You die...

####### . ....... ...
......... .....#######
........... ........@{o#
#...........
.....#####.###...........
.... #).##...........
.....######)##...........
.....g..................
........................
........................
.................>......
........................


You could see an orc.

Vanquished Creatures
  An orc wizard (D:3)
  4 gnolls
  2 adders (D:2)
  2 leopard geckos
  An orc (D:3)
  6 bats
  A bat zombie (D:1)
  2 giant cockroaches
  8 goblins
  7 hobgoblins
  9 jackals
  A quokka (D:3)
  3 frilled lizards (D:1)
  A giant cockroach zombie (D:1)
  3 kobolds (D:1)
  6 rats
57 creatures vanquished.

Vanquished Creatures (others)
  9 plants (D:2)
9 creatures vanquished.

Grand Total: 66 creatures vanquished

Notes
Turn   | Place    | Note
-------+----------+-------------------------------------------
     0 | D:1      | Ozzies the Gargoyle Fighter began the quest for the Orb.
     0 | D:1      | Reached XP level 1. HP: 14/14 MP: 1/1
   217 | D:1      | Reached XP level 2. HP: 19/20 MP: 2/2
   296 | D:1      | Reached skill level 4 in Fighting
   558 | D:1      | Reached XP level 3. HP: 24/24 MP: 3/3
   940 | D:1      | Reached skill level 5 in Fighting
  1169 | D:2      | Reached XP level 4. HP: 28/31 MP: 4/4
  2244 | D:3      | Reached skill level 6 in Fighting
  2244 | D:3      | Reached XP level 5. HP: 32/36 MP: 5/5
  2283 | D:3      | Killed from afar by an orc wizard

Illustrated notes

Levels and vault maps discovered:
D:1:      saegor_arrival_fortress, layout_loops_ring, minmay_small_reverse_x
D:2:      layout_basic, serial_bayou, serial_bayou_pond_a,
          serial_bayou_lagoon_a, serial_bayou_pond_a, serial_bayou_shore_a
D:3:      layout_basic, marbit_many_paths, kennysheep_donut

Skill      XL: |  1  2  3  4 |
---------------+-------------+-----
Fighting       | 4 5 6 |  6.3
Maces & Flails | |  2.0
Armour         | |  3.3
Shields        | |  3.3

Action                   |  1- 3 |  4- 6 || total
-------------------------+-------+-------++-------
Melee: Flail             |    22 |       ||    22
       Whip              |    80 |   107 ||   187
Armor: Scale mail        |    56 |    65 ||   121
Dodge: Dodged            |    40 |    29 ||    69
Block: Kite shield       |    46 |    41 ||    87

Table legend: (Time is in decaauts)
 A = Elapsed time spent in this place.
 B = Non-inter-level travel time spent in this place.
 C = Inter-level travel time spent in this place.
 D = Time resting spent in this place.
 E = Time spent auto-exploring this place.
 F = Levels seen in this place.
 G = Mean time per level.
                   A        B        C        D        E       F      G
               +--------+--------+--------+--------+--------+-----+--------+
         Total |   2332 |   2231 |    101 |    219 |   1622 |   3 |  777.3 |
       Dungeon |   2332 |   2231 |    101 |    219 |   1622 |   3 |  777.3 |
               +--------+--------+--------+--------+--------+-----+--------+

Top non-repeatable levels by time:
     D:1: 1164 daAuts
     D:2: 1007 daAuts
     D:3: 160 daAuts
